 Dungeon Crawl Stone Soup version 0.25.1-8-g42b30a86e7 (webtiles) character file.

Game seed: 7939554730051879168

147 FreshCat the Skirmisher (level 5, -11/41 HPs)
             Began as a Demonspawn Abyssal Knight on Dec 17, 2020.
             Was a Believer of Lugonu.
             Killed from afar by a slave (27 damage)
             ... with an exploding inner flame
             ... led by Pikel
             ... hexed by the player character
             ... on level 3 of the Dungeon.
             The game lasted 00:13:46 (2948 turns).

FreshCat the Skirmisher (Demonspawn Abyssal Knight) Turns: 2948, Time: 00:13:47

Health: -11/41     AC:  3    Str: 10 (13) XL:     5   Next: 7%
Magic:  6/6        EV: 12    Int: 12 (13) God:    Lugonu [**....]
Gold:   143        SH:  0    Dex: 12 (13) Spells: 4/4 levels left

rFire    . . .     SeeInvis .   a - +2 spear
rCold    + . .     Gourm    .   (no shield)
rNeg     . . .     Faith    .   b - +0 leather armour
rPois    .         Spirit   .   (no helmet)
rElec    .         Reflect  .   (no cloak)
rCorr    .         Harm     .   (no gloves)
MR       .....                  (no boots)
Stlth    +.........             (no amulet)
HPRegen  0.13/turn              (no ring)
MPRegen  0.10/turn              (no ring)

@: no status effects
A: hooves 2, cold resistance 1, rot immunity
a: Depart the Abyss, Bend Space, Renounce Religion


You were on level 3 of the Dungeon.
You worshipped Lugonu.
Lugonu was pleased with you.
You were hungry.

You visited 1 branch of the dungeon, and saw 5 of its levels.
You visited the Abyss 1 time.

You collected 143 gold pieces.

Inventory:

Hand Weapons
 a - a +2 spear (weapon)
Missiles
 h - 45 stones (quivered)
Armour
 b - a +0 leather armour (worn)
Jewellery
 i - a cursed ring of positive energy {unknown}
 o - an uncursed ring of positive energy {unknown}
Wands
 l - a wand of acid (8)
Scrolls
 d - 3 scrolls of remove curse
 k - 2 scrolls of amnesia
 m - a scroll of identify
Potions
 g - a potion of lignification
Comestibles
 c - 12 rations


   Skills:
 + Level 3.6 Fighting
 + Level 3.1 Polearms
 + Level 0.5 Throwing
 + Level 2.1 Armour
 + Level 2.0 Dodging
 + Level 1.5 Stealth
 + Level 2.4 Invocations


You had 4 spell levels left.
You didn't know any spells.
Your spell library was empty.

Dungeon Overview and Level Annotations

Branches:
Dungeon (5/15)
 Temple: D:4-7

Altars:
Fedhas

Annotations:
D:3 Sigmund
D:4 Pikel


Innate Abilities, Weirdness & Mutations

You have hoof-like feet.
Your flesh is cold resistant. (rC+)
You are immune to rotting.


Message History

You feel weakened.
You feel dopey.
You feel clumsy. The slave barely misses you.
Sigmund mumbles some strange words.
Sigmund flickers and vanishes!
Deactivating autopickup; reactivate with Ctrl-A.
You hit the slave.
Flame seeps out of the slave.
The slave is lightly wounded.
The slave is engulfed in blazing flames.
Flame seeps out of the slave.
You hear a zap.
A puff of flame appears from out of thin air!
The puff of flame hits you!
You barely miss the slave.
The slave is almost dead.
The slave hits you.
You puncture the slave!
The slave explodes!
The fiery explosion engulfs you!!
Ouch! That really hurt!
You die...

♣♣♣♣♣ ♣♣...♣♣ ########
♣♣.....♣♣ .......#
♣♣.......♣♣ ...<...#
♣...._....♣ .......#
♣♣.........♣♣ .).....#
♣...........♣ .......#
♣.♣..§.§..♣.♣ .......#
♣♣♣♣♣§§@♣♣♣♣♣
########## ....#'##
♣♣..°♣♣ #.........
....#.#
♣♣♣.....♣♣♣♣♣#..#######
....#.#
#......#...##...#
###.#.###
#..........##...#
##..#...#
#.........###...#
##..#.###
#.............###
##..#.# ####..........#
##..#.### #..........#


There were no monsters in sight!

Vanquished Creatures
  A slave (D:3)
  Jessica (D:2)
  Terence (D:2)
  3 adders
  An ooze (D:4)
  An adder skeleton (D:4)
  3 dart slugs
  A leopard gecko (D:3)
  An orc (D:3)
  2 ball pythons (D:3)
  8 goblins
  6 hobgoblins
  2 jackals
  3 quokkas
  6 bats
  7 frilled lizards
  3 kobolds
  8 rats
58 creatures vanquished.

Notes
Turn   | Place    | Note
-------+----------+-------------------------------------------
     0 | Abyss:1  | FreshCat the Demonspawn Abyssal Knight began the quest for
                  | the Orb.
     0 | Abyss:1  | Reached XP level 1. HP: 18/18 MP: 2/2
    20 | D:1      | Escaped the Abyss
   206 | D:1      | Gained mutation: Your flesh is cold resistant. (rC+)
                  | [demonic ancestry]
   206 | D:1      | Reached XP level 2. HP: 24/24 MP: 3/3
   559 | D:1      | Reached ** piety under Lugonu
   559 | D:1      | Reached skill level 1 in Dodging
   827 | D:2      | Noticed Terence
   873 | D:2      | Killed Terence
   873 | D:2      | Gained mutation: You are immune to rotting. [demonic
                  | ancestry]
   873 | D:2      | Reached XP level 3. HP: 19/29 MP: 4/4
  1012 | D:3      | Reached skill level 1 in Stealth
  1403 | D:2      | Noticed Jessica
  1415 | D:2      | Killed Jessica
  1415 | D:2      | Gained mutation: You have large cloven feet. [demonic
                  | ancestry]
  1415 | D:2      | Reached XP level 4. HP: 30/35 MP: 5/5
  1515 | D:3      | Found a blossoming altar of Fedhas.
  1996 | D:5      | Entered Level 5 of the Dungeon
  2038 | D:4      | Noticed a slave
  2038 | D:4      | Noticed a slave
  2038 | D:4      | Noticed a slave
  2039 | D:4      | Noticed Pikel
  2044 | D:4      | Noticed Sigmund
  2077 | D:3      | HP: 1/36 [slave[Pikel] (6)]
  2114 | D:3      | Killed a slave
  2500 | D:3      | Gained mutation: You have hoof-like feet. [demonic
                  | ancestry]
  2500 | D:3      | Reached XP level 5. HP: 37/41 MP: 6/6
  2948 | D:3      | Killed a slave
  2948 | D:3      | Killed from afar by a slave

Illustrated notes

Levels and vault maps discovered:
D:1:      dpeg_arrival_pits, layout_basic, serial_glass, glass_columns_a,
          glass_columns_a
D:2:      layout_basic, uniq_jessica, uniq_terence
D:3:      layout_basic, fedhas_altar_fruit_tree, first_ration
D:4:      layout_basic, minmay_temple_entry_enclosed_plants,
          minmay_divided_ellipse, uniq_pikel, uniq_sigmund
D:5:      layout_basic

Skill      XL: |  1  2  3  4  5 |
---------------+----------------+-----
Polearms       | 2 3 |  3.1
Armour         | 2 |  2.1
Dodging        | 1 2 |  2.0
Stealth        | 1 |  1.5
Fighting       | |  3.6
Throwing       | |  0.5
Invocations    | |  2.4

Action                   |  1- 3 |  4- 6 || total
-------------------------+-------+-------++-------
Melee: Spear             |   120 |   112 ||   232
       Kick              |       |    11 ||    11
Throw: Stone             |     4 |    46 ||    50
  Use: Potion            |     4 |     6 ||    10
       Scroll            |       |     6 ||     6
 Stab: Sleeping          |     2 |     2 ||     4
       Invisible         |     6 |       ||     6
  Eat: Chunk             |     2 |     4 ||     6
Armor: Leather armour    |    10 |    15 ||    25
       Skin              |    15 |    17 ||    32
Dodge: Dodged            |    42 |    58 ||   100
